 Dungeon Crawl Stone Soup version 0.31-a0-95-g6fa058ef04 (webtiles) character file.

Game seed: 14064981943418491418

72 IdlyInterested the Sneak (level 4, -11/35 HPs)
             Began as a Demonspawn Wanderer on May 25, 2023.
             Killed by divine providence
             ... invoked by an orc priest
              (16 damage)
             ... on level 3 of the Dungeon.
             The game lasted 00:08:04 (2183 turns).

IdlyInterested the Sneak (Demonspawn Wanderer)      Turns: 2183, Time: 00:08:04

Health: -11/35     AC:  8    Str: 12    XL:     4   Next: 6%
Magic:  8/8        EV: 13    Int: 16    God:
Gold:   114        SH:  0    Dex: 12    Spells: 9/9 levels left

rFire   . . .        o - +2 short sword (flame)
rCold   . . .        (no shield)
rNeg    . . .        i - +0 ring mail
rPois   .            (no helmet)
rElec   .            (no cloak)
rCorr   .            d - +0 pair of gloves
SInv    .            p - +1 pair of boots
Will    .....        (no amulet)
Stlth   ++           (no ring)
HPRegen 0.25/turn    (no ring)
MPRegen 0.11/turn

%: no passive effects
@: attractive
A: hooves 1, repulsion field 2
a: no special abilities


You were on level 3 of the Dungeon.
You visited 1 branch of the dungeon, and saw 3 of its levels.

You collected 114 gold pieces.

Inventory:

Hand Weapons
 o - a +2 short sword of flaming (weapon)
Missiles
 a - 4 poisoned darts
 e - 37 stones (quivered)
Armour
 d - a +0 pair of gloves (worn)
 i - a +0 ring mail (worn)
 l - a +0 chain mail
 p - a +1 pair of boots (worn)
Jewellery
 n - an amulet of faith
Scrolls
 b - a scroll of fog
 c - a scroll of teleportation {unknown}
 h - 2 scrolls of immolation
 j - a scroll of amnesia
 k - a scroll of silence {unknown}
 m - 3 scrolls of identify {unknown}
 q - a scroll of blinking {unknown}


   Skills:
 * Level 3.0 Fighting
 - Level 1.0 Throwing
 - Level 1.0 Armour
 - Level 1.0 Dodging
 - Level 3.6 Stealth
 - Level 3.0 Spellcasting
 - Level 1.0 Translocations
 + Level 0.4 Evocations


You had 9 spell levels left.
You didn't know any spells.
Your spell library contained the following spells:

 Spells                   Type           Power      Damage    Failure   Level
 Apportation              Tloc           10%        N/A       28%         1
 Kiss of Death            Conj/Necr      4%         2d5       45%         1
 Passwall                 Tmut/Erth      0%         N/A       58%         2
 Gell's Gravitas          Tloc           5%         N/A       63%         3
 Frozen Ramparts          Ice            4%         1d1       77%         3
 Ignite Poison            Fire/Tmut/Pois 0%         N/A       83%         3
 Summon Guardian Golem    Hex/Summ       1%         N/A       83%         3
 Sticky Flame             Conj/Fire      1%         2d3       99%         4
 Ignition                 Fire           1%         3d3       100%        8


Dungeon Overview and Level Annotations

Branches:
Dungeon (3/15)

Altars:

Shops:
D:2 =?!!:


Innate Abilities, Weirdness & Mutations

You have large cloven feet.
You are surrounded by a moderate repulsion field. (EV +3)


Message History

The orc throws a boomerang of dispersal.
The boomerang of dispersal barely misses you.
The orc closely misses you.
The orc priest hits you but does no damage.
The orc hits you with a +0 club.
You hit the orc priest but do no damage.
The orc hits you with a +0 club.
The orc priest hits you with a +0 short sword.
* * * LOW HITPOINT WARNING * * *
The orc hits you with a +0 club.
* * * LOW HITPOINT WARNING * * *
Unknown command.
You hit the orc priest but do no damage.
The orc hits you with a +0 club.
* * * LOW HITPOINT WARNING * * *
The orc hits you but does no damage.
The orc priest calls down the wrath of Beogh upon you.
Pain shoots through your body!
* * * LOW HITPOINT WARNING * * *
The orc closely misses you.
It was a potion of attraction.
You feel attractive to monsters. The orc hits you but does no damage.
The orc priest closely misses you. The orc hits you but does no damage.
The orc barely misses you.
You hit the orc priest. You burn the orc priest.
You punch the orc priest, but do no damage.
The orc priest is moderately wounded.
The orc barely misses you.
The orc priest miscasts a cantrip.
The orc closely misses you. The orc hits you but does no damage.
You hit the orc priest. You burn the orc priest.
The orc priest is heavily wounded.
The orc hits you but does no damage. The orc priest closely misses you.
The orc hits you but does no damage. The orc closely misses you.
You hit the orc priest but do no damage.
The orc priest is heavily wounded.
The orc closely misses you.
The orc priest calls down the wrath of Beogh upon you.
Beogh smites you!
You die...

# #...#......#
+.#...#..†...#
.#...#......#
.<. #......#
###.# #.†....##
+)..#+#......<#
####!........##
+.o.....###
#@o.....#
#oo.....#
#.......#
#.......#
#.......#
#.......#
.....####
.....#


You could see an orc priest and 3 orcs.

Vanquished Creatures
  3 adders
  An orc (D:3)
  6 endoplasms
  3 giant cockroaches (D:1)
  A goblin (D:1)
  2 hobgoblins
  3 jackals (D:1)
  5 kobolds
  5 quokkas
  4 ball pythons
  2 bats
  2 frilled lizards (D:1)
  3 rats
40 creatures vanquished.

Notes
Turn   | Place    | Note
-------+----------+-------------------------------------------
     0 | D:1      | IdlyInterested the Demonspawn Wanderer began the quest for
                  | the Orb.
     0 | D:1      | IdlyInterested set off with the following items: a +0
                  | dagger, a scroll of fog, a +0 robe, a +0 pair of gloves;
                  | and the following spells available to memorise:
                  | Apportation, Kiss of Death, Passwall, Gell's Gravitas,
                  | Frozen Ramparts, Summon Guardian Golem.
     0 | D:1      | Reached XP level 1. HP: 13/13 MP: 4/4
    85 | D:1      | Reached skill level 1 in Fighting
   251 | D:1      | Gained mutation: You are surrounded by a mild repulsion
                  | field. (EV +2) [demonic ancestry]
   251 | D:1      | Reached XP level 2. HP: 18/21 MP: 6/6
   457 | D:1      | Reached skill level 1 in Armour
   975 | D:1      | Found a faded altar of an unknown god.
  1214 | D:2      | Found Nietufem's Magic Scroll Shop.
  1308 | D:2      | Gained mutation: You are surrounded by a moderate repulsion
                  | field. (EV +3) [demonic ancestry]
  1308 | D:2      | Reached XP level 3. HP: 27/27 MP: 7/7
  1412 | D:2      | Found Janahil's Distillery.
  1498 | D:2      | Found Comukaon's Distillery.
  1572 | D:2      | Found Rij Vuegi's Jewellery Shop.
  1614 | D:2      | Reached skill level 1 in Throwing
  2096 | D:2      | Found Sihucsau's Book Boutique.
  2161 | D:3      | Gained mutation: You have large cloven feet. [demonic
                  | ancestry]
  2161 | D:3      | Reached XP level 4. HP: 35/35 MP: 8/8
  2183 | D:3      | Killed from afar by an orc priest

Illustrated notes

Levels and vault maps discovered:
D:1:      dpeg_arrival_prison, layout_basic, basic_ecumenical_altar,
          minmay_liquid_box
D:2:      layout_loops_corners, serial_shops, nicolae_shop_behind_doors,
          nicolae_shop_tiny_real_fake_doors, shop, nicolae_shop_window_shopping,
          shop, minmay_statues_item
D:3:      layout_basic, mainiacjoe_overflow_24_doors, gammafunk_ghost_smash,
          corexii_leaking_fountain, uniq_terence

Skill      XL: |  1  2  3 |
---------------+----------+-----
Fighting       | 1 2 3 |  3.0
Armour         | 1 |  1.0
Throwing       | 1 |  1.0
Dodging        | |  1.0
Stealth        | |  3.6
Spellcasting   | |  3.0
Translocations | |  1.0
Evocations     | |  0.4

Action                     |  1- 3 |  4- 6 || total
---------------------------+-------+-------++-------
  Melee: Dagger            |   109 |       ||   109
         Punch             |     2 |     1 ||     3
         Short sword       |    71 |     9 ||    80
  Throw: Stone             |       |     1 ||     1
    Use: Scroll            |     2 |       ||     2
         Potion            |       |     1 ||     1
   Stab: Sleeping          |     5 |       ||     5
 Armour: Robe              |     6 |       ||     6
         Ring mail         |    61 |     7 ||    68
  Dodge: Dodged            |   117 |    12 ||   129

Table legend: (Time is in decaauts)
 A = Elapsed time spent in this place.
 B = Non-inter-level travel time spent in this place.
 C = Inter-level travel time spent in this place.
 D = Time resting spent in this place.
 E = Time spent auto-exploring this place.
 F = Levels seen in this place.
 G = Mean time per level.
                   A        B        C        D        E       F      G
               +--------+--------+--------+--------+--------+-----+--------+
         Total |   2182 |   2035 |    147 |    126 |   1320 |   3 |  727.3 |
       Dungeon |   2182 |   2035 |    147 |    126 |   1320 |   3 |  727.3 |
               +--------+--------+--------+--------+--------+-----+--------+

Top non-repeatable levels by time:
     D:1: 1172 daAuts
     D:2: 967 daAuts
     D:3: 42 daAuts
